 Dungeon Crawl Stone Soup version 0.17.2-1-ge4368a0 (webtiles) character file.

113 Goblin1989 the Cudgeler (level 4, 0/35 HPs)
             Began as a Demonspawn Fighter on Sept 11, 2016.
             Was an Initiate of Fedhas.
             Killed from afar by an orc wizard (7 damage)
             ... with a magic dart
             ... on level 3 of the Dungeon.
             The game lasted 00:06:33 (2353 turns).

Goblin1989 the Cudgeler (Demonspawn Fighter)        Turns: 2353, Time: 00:06:33

Health: 0/35       AC: 10    Str: 17    XL:     4   Next: 65%
Magic:  4/4        EV:  4    Int:  9    God:    Fedhas [......]
Gold:   154        SH:  8    Dex: 13    Spells: 0 memorised, 3 levels left

rFire  . . .     SeeInvis .     a - +0 flail
rCold  . . .     Clarity  .     e - +0 chain mail
rNeg   . . .     SustAt   .     c - +0 shield
rPois  .         Gourm    .     (no helmet)
rElec  .         Spirit   .     (no cloak)
rCorr  .         Warding  .     (no gloves)
rMut   .         Stasis   .     (no boots)
MR     .....                    (no amulet)
Stlth  ..........               (no ring)
                                (no ring)

@: not resistant to hostile enchantments, extremely unstealthy
A: hooves 2, thin metallic scales 1
a: Renounce Religion


You were on level 3 of the Dungeon.
You worshipped Fedhas.
Fedhas was noncommittal.
You were not hungry.

You visited 1 branch of the dungeon, and saw 3 of its levels.

You collected 154 gold pieces.

Inventory:

Hand Weapons
 a - a +0 flail (weapon)
Armour
 c - a +0 shield (worn)
 e - a +0 chain mail (worn)
Scrolls
 d - a scroll of magic mapping {unknown}
 f - 6 scrolls of identify {unknown}
 g - 2 scrolls of random uselessness {unknown}
 i - 3 scrolls of remove curse {unknown}
 k - a scroll of recharging {unknown}


   Skills:
 - Level 3.0 Fighting
 + Level 4.4 Maces & Flails
 - Level 2.6 Armour
 - Level 2.6 Shields


You had 3 spell levels left.
You didn't know any spells.

Dungeon Overview and Level Annotations

Branches:
Dungeon (3/15)

Altars:
Fedhas
Sif Muna
Trog
Zin
The Shining One

Annotations:
D:3 Goblin1989's ghost, weakling DsMo


Innate Abilities, Weirdness & Mutations

You have hoof-like feet.
You are partially covered in thin metallic scales (AC +2).


Message History

A nearby toadstool withers and dies.
You barely miss something.
A nearby toadstool withers and dies.
Something hits you but does no damage. x2
You closely miss something. Something hits you but does no damage.
Something hits you but does no damage.
You hit something. Your kick misses something.
You hear some strange, mumbled words.
A puff of frost appears from out of thin air!
The puff of frost hits you!
* * * LOW HITPOINT WARNING * * *
You block its attack.
You take 6 damage, and have 6/35 hp.
Your shield and chain mail prevent you from hitting something.
You kick something. Something hits you but does no damage.
You miss something. You kick something.
You hear some strange, mumbled words.
A magic dart appears from out of thin air!
The magic dart hits you!
You die...
Fedhas appreciates your contribution to the ecosystem.

#.# ##.## #.# # #.#
###...###.#..
#######.###......).....
......P.....#...#.###.#
#######รท######.##.#
#.# #.# #.##.# #.# #.#
#^# #.##(# #.#
.....#####.######.##.#
#.#
#....oog{@.....##.##.#
#.#
#....#####........##.#
#.# #.# #####.#####.#
#<# # #.# #.# #.# #W#
###l# #.<..


You could see an orc wizard, an orc and a hobgoblin.

Vanquished Creatures
  Terence (D:3)
  3 adders
  An ooze (D:1)
  A worm (D:2)
  A giant gecko (D:1)
  2 orcs (D:3)
  3 bats
  4 giant cockroaches
  8 goblins
  6 hobgoblins
  6 jackals
  2 quokkas (D:2)
  2 ball pythons
  2 giant newts
  8 kobolds
  3 rats
53 creatures vanquished.

Vanquished Creatures (others)
  10 toadstools
10 creatures vanquished.

Grand Total: 63 creatures vanquished

Notes
Turn   | Place    | Note
--------------------------------------------------------------
     0 | D:1      | Goblin1989 the Demonspawn Fighter began the quest for the Orb.
     0 | D:1      | Reached XP level 1. HP: 18/18 MP: 1/1
   169 | D:1      | Gained mutation: You have large cloven feet. [demonic ancestry]
   169 | D:1      | Reached XP level 2. HP: 12/24 MP: 2/2
   881 | D:2      | Gained mutation: You have hoof-like feet. [demonic ancestry]
   881 | D:2      | Reached XP level 3. HP: 20/29 MP: 3/3
  1206 | D:2      | Found a deep blue altar of Sif Muna.
  1206 | D:2      | Found a bloodstained altar of Trog.
  1206 | D:2      | Found a blossoming altar of Fedhas.
  1206 | D:2      | Found a glowing golden altar of the Shining One.
  1207 | D:2      | Found a glowing silver altar of Zin.
  1217 | D:2      | Became a worshipper of Fedhas Madash
  1706 | D:3      | Noticed Goblin1989's ghost (weakling DsMo)
  2049 | D:3      | Gained mutation: You are partially covered in thin metallic scales (AC +2). [demonic ancestry]
  2049 | D:3      | Reached XP level 4. HP: 26/35 MP: 4/4
  2055 | D:3      | Noticed Terence
  2071 | D:3      | Killed Terence
  2071 | D:3      | Reached skill level 4 in Maces & Flails
  2353 | D:3      | Killed from afar by an orc wizard

Action                   |  1- 3 |  4- 6 || total
-------------------------+-------+-------++-------
Melee: Flail             |   131 |    43 ||   174
  Use: Potion            |       |     3 ||     3
  Eat: Bread ration      |     1 |       ||     1
       Chunk             |     1 |       ||     1
